 Dungeon Crawl Stone Soup version 0.31.0-1-g2c135a0 (webtiles) character file.

Game seed: 7470787134134244422

385 jagoly the Chopper (level 6, 0/60 HPs)
             Began as a Gargoyle Monk on Jan 29, 2024.
             Was a Believer of the Shining One.
             Slain by an ufetubus (2 damage)
             ... on level 6 of the Dungeon.
             The game lasted 00:14:09 (1709 turns).

jagoly the Chopper (Gargoyle Monk)                  Turns: 1709, Time: 00:14:09

Health: 0/60       AC: 23    Str: 17    XL:     6   Next: 77%
Magic:  3/6        EV:  2    Int: 10    God:    the Shining One [**....]
Gold:   155        SH:  6    Dex: 12    Spells: 5/5 levels left

rFire   . . .        a - +0 war axe
rCold   . . .        d - orb {light}
rNeg    + + .        e - melded +0 plate armour
rPois   ∞            (helmet currently unavailable)
rElec   .            j - melded +0 cloak
rCorr   .            (gloves currently unavailable)
SInv    .            (boots currently unavailable)
Will    .....        (no amulet)
Stlth   +            (no ring)
HPRegen 0.30/turn    (no ring)
MPRegen 0.10/turn

%: no passive effects
@: divinely shielded, tree-form, glowing
A: stationary, stasis, torment immunity, boosted hp, sickness immunity, AC +4,
negative energy resistance 1, (electricity resistance), torment resistance 1,
petrification resistance
a: Renounce Religion, Divine Shield


You were on level 6 of the Dungeon.
You worshipped the Shining One.
The Shining One was pleased with you.
You were a tree.
You visited 2 branches of the dungeon, and saw 7 of its levels.

You collected 155 gold pieces.

Inventory:

Hand Weapons
 a - a +0 war axe (weapon)
 g - a +0 sling
 h - a +0 spear
Missiles
 l - 41 stones (quivered)
 p - 3 boomerangs
 x - 6 poisoned darts
Armour
 b - a +0 robe
 d - an orb of light (worn)
 e - a +0 plate armour (melded)
 j - a +0 cloak (melded)
Jewellery
 w - a ring of positive energy
Wands
 v - a wand of mindburst (10)
 B - a wand of charming (13)
Scrolls
 i - a scroll of brand weapon {unknown}
 k - a scroll of enchant armour {unknown}
 m - a scroll of butterflies {unknown}
 n - 2 scrolls of revelation {unknown}
 q - a scroll of fear {unknown}
 r - a scroll of amnesia {unknown}
 t - 2 scrolls of blinking {unknown}
 u - 2 scrolls of identify {unknown}
 y - a scroll of enchant weapon {unknown}
 A - a scroll of teleportation {unknown}
 C - a scroll of immolation {unknown}
Potions
 f - 2 potions of curing
 o - a potion of cancellation {unknown}
 s - a potion of lignification
 z - a potion of magic {unknown}


   Skills:
 + Level 4.9 Fighting
 * Level 5.1 Axes
 + Level 3.3 Armour
 - Level 2.4 Dodging


You had 5 spell levels left.
You didn't know any spells.
Your spell library contained the following spells:

 Spells                   Type           Power      Damage    Failure   Level
 Magic Dart               Conj           0%         1d3       36%         1
 Sting                    Conj/Alch      0%         1d3       36%         1
 Mercury Vapours          Alch/Air       0%         N/A       50%         2
 Searing Ray              Conj           0%         2d4       50%         2
 Fulminant Prism          Conj/Alch      0%         3d5       98%         4
 Olgreb's Toxic Radiance  Alch           0%         N/A       98%         4


Dungeon Overview and Level Annotations

Branches:
Dungeon (6/15) Zot: 26963  Temple (1/1) D:4 Zot: 5853

Altars:
Ashenzari
Cheibriados
Dithmenos
Elyvilon
Fedhas
Gozag
Hepliaklqana
Kikubaaqudgha
Makhleb
Okawaru
Qazlal
Ru
Sif Muna
Trog
Uskayaw
Vehumet
Wu Jian
Xom
Yredelemnul
Zin
The Shining One


Innate Abilities, Weirdness & Mutations

You are a tree.
Your roots penetrate the ground, keeping you stationary.
You cannot be teleported.
You are immune to unholy pain and torment.
Your maximum health is greatly increased.
Your equipment is partially melded.
You are immune to sickness and miasma.
((Your stone body is resilient. (AC +4)))
You are immune to poison.
You resist negative energy. (rN+)
((You are resistant to electric shocks. (rElec)))
You are resistant to unholy torment.
You are immune to petrification.


Message History

The orc wizard casts a spell at you.
The puff of flame hits you but does no damage.
The gnoll hits you with a +0 spear.
* * * LOW HITPOINT WARNING * * *
Cleave: a) +0 war axe
Press: ? - help, Dir - move target, f/p - gnoll
Aim: a gnoll, wielding a +0 spear and wearing a +0 chain mail (severely wounded, covering ground quickly, haloed, about 11% to evade your +0 war axe)
You hit the gnoll but do no damage.
The gnoll is severely wounded.
You hit the orc wizard. The orc wizard barely misses you.
The gnoll closely misses you.
Cleave: a) +0 war axe
Press: ? - help, Dir - move target, f/p - gnoll
Aim: a gnoll, wielding a +0 spear and wearing a +0 chain mail (severely wounded, covering ground quickly, haloed, about 11% to evade your +0 war axe)
You hit the gnoll but do no damage.
The gnoll is severely wounded.
You hit the orc wizard but do no damage.
The orc wizard hits you but does no damage.
The gnoll hits you with a +0 spear.
* * * LOW HITPOINT WARNING * * *
The orc wizard barely misses you.
Cleave: a) +0 war axe
Press: ? - help, Dir - move target, f/p - gnoll
Aim: a gnoll, wielding a +0 spear and wearing a +0 chain mail (severely wounded, covering ground quickly, haloed, about 11% to evade your +0 war axe)
You hit the gnoll.
You kill the gnoll!
You hear a splash. x2
You hit the orc wizard but do no damage.
The orc wizard hits you but does no damage.
Cleave: a) +0 war axe
Press: ? - help, Dir - move target, f - orc wizard
Aim: an orc wizard, wielding a +0 dagger and wearing a +0 robe (heavily wounded, haloed, about 30% to evade your +0 war axe)
You slash the orc wizard!
You kill the orc wizard!
You have reached level 6!
A jackal comes into view.
Things that are here:
a +0 club; a +0 leather armour; a wand of charming (14)
Things that are here:
a +0 dagger; a +0 robe; an orc corpse
Okay, then.
The jackal barks!
You hear a bark!
A jackal comes into view.
The jackal barely misses you.
You are too injured to fight recklessly!
You are too injured to fight recklessly!
You are too injured to fight recklessly!
You hit the jackal.
The jackal is moderately wounded.
The jackal bites you but does no damage.
You hit the jackal.
You kill the jackal!
You hit the jackal.
You kill the jackal!
You open the door.
There is an open door here.
Found 4 large rocks.
There is an open door here.
Found a scroll labelled WAIWKE ZARGH.
A jackal comes into view.
The jackal moves out of view.
A - a scroll labelled WAIWKE ZARGH An orc comes into view.
It is wielding a +0 flail.
The orc shouts!
An orc comes into view. It is wielding a +0 trident.
An orc comes into view. It is wielding a +0 falchion.
There is an open door here.
There is an open door here.
You enter the shallow water.
Moving in this stuff is going to be slow.
Things that are here:
a +0 spear; a +0 chain mail; a gnoll corpse The jackal barely misses you.
You hit the jackal.
The jackal is severely wounded.
The jackal bites you but does no damage. x2
You slash the jackal!
You kill the jackal!
You slash the orc!
You kill the orc!
You hear a splash. x2
Press: ? - help, v - describe, . - travel, g - get item
Items here: a +0 club; a +0 leather armour; a wand of charming (14).
The floor.
This square is lit by a halo.
B - a wand of charming (14)
Things that are here:
a +0 club; a +0 leather armour You enter the shallow water.
Moving in this stuff is going to be slow.
Things that are here:
a +0 spear; a +0 chain mail; a gnoll corpse
There is an open door here.
There is an open door here.
An orc comes into view. It is wielding a +0 war axe.
The orc shouts!
You hear a shout! x2
You barely miss the orc. The orc hits you but does no damage. x2
The orc barely misses you. The orc barely misses you.
The orc hits you but does no damage.
You hit the orc.
The orc is lightly wounded.
You hit the orc. The orc hits you but does no damage. x2
The orc barely misses you.
You hit the orc.
The orc is almost dead.
You slash the orc!
You kill the orc!
The orc hits you but does no damage.
You hit the orc but do no damage.
The orc is almost dead.
The orc hits you but does no damage.
You slash the orc!
You kill the orc!
You hit the orc. The orc hits you but does no damage.
You hit the orc.
You kill the orc!
No target in view!
You see here a +0 trident.
There is an open door here.
There is an open door here.
You open the door.
There is an open door here.
There is an open door here.
There is an open door here.
Found a club.
HP restored.
You open the door.
There is an open door here.
You open the door.
There is an open door here.
Found 8 gold pieces.
You open the door.
There is an open door here.
A dart slug comes into view.
The dart slug launches a dart at you.
The slug dart hits you but does no damage.
The dart slug launches a dart at you.
The slug dart hits you but does no damage.
The dart slug bites you but does no damage.
You slash the dart slug!
You kill the dart slug!
You now have 149 gold pieces (gained 8).
You open the door.
There is an open door here.
A kobold comes into view. It is wielding a +0 dagger.
The kobold shouts!
The kobold hits you but does no damage.
You hit the kobold.
The kobold is heavily wounded.
The kobold hits you but does no damage.
You hit the kobold.
You kill the kobold!
Things that are here:
a +0 dagger; a kobold corpse You open the door.
Found a scroll labelled HOSOKLOAMI.
There is an open door here.
You open the door.
Found a stone staircase leading down.
There is an open door here.
You enter the shallow water.
Moving in this stuff is going to be slow.
There is a stone staircase leading down here.
You climb downwards.
Found an escape hatch in the floor.
There is a stone staircase leading up here.
You climb upwards.
There is a stone staircase leading down here.
You enter the shallow water.
Moving in this stuff is going to be slow.
You enter the shallow water.
Moving in this stuff is going to be slow.
You enter the shallow water.
Moving in this stuff is going to be slow.
You open the door.
There is an open door here.
You open the door.
There is an open door here.
Found two stone staircases leading down.
You open the door.
There is an open door here.
C - a scroll labelled HOSOKLOAMI You open the door.
There is an open door here.
You open the door.
Found a dagger.
There is an open door here.
Unknown command.
There is a stone staircase leading down here.
You climb downwards.
Found a mace.
There is a stone staircase leading up here.
A sleepcap comes into view.
A sleepcap is nearby!
You completely miss the sleepcap. The sleepcap barely misses you.
The sleepcap releases spores at you.
You hit the sleepcap.
The sleepcap is lightly damaged.
The sleepcap completely misses you.
You hit the sleepcap.
The sleepcap is lightly damaged.
The sleepcap barely misses you.
You slash the sleepcap!
The sleepcap is heavily damaged.
The sleepcap releases spores at you.
You hit the sleepcap but do no damage.
The sleepcap is heavily damaged.
The sleepcap releases spores at you but does no damage.
The sleepcap releases spores at you.
You hit the sleepcap but do no damage.
The sleepcap is heavily damaged.
The sleepcap releases spores at you but does no damage.
You hit the sleepcap but do no damage.
The sleepcap is heavily damaged.
The sleepcap releases spores at you but does no damage.
You slash the sleepcap!
The sleepcap is severely damaged.
The sleepcap releases spores at you but does no damage.
The sleepcap barely misses you.
You hit the sleepcap.
The sleepcap is almost destroyed.
The sleepcap releases spores at you but does no damage.
You hit the sleepcap but do no damage.
The sleepcap is almost destroyed.
The sleepcap closely misses you.
You slash the sleepcap!
You destroy the sleepcap!
Your Armour skill increases to level 3!
No target in view!
Found an escape hatch in the ceiling.
There is an escape hatch in the ceiling here.
A sleepcap comes into view.
A sleepcap is nearby!
The sleepcap releases spores at you but does no damage.
You hit the sleepcap but do no damage. The sleepcap barely misses you.
The sleepcap releases spores at you but does no damage.
You hit the sleepcap.
The sleepcap is lightly damaged.
The sleepcap barely misses you.
You hit the sleepcap.
The sleepcap is moderately damaged.
The sleepcap releases spores at you.
You hit the sleepcap.
The sleepcap is heavily damaged.
The sleepcap releases spores at you.
You hit the sleepcap.
The sleepcap is heavily damaged.
The sleepcap releases spores at you but does no damage. x2
You slash the sleepcap!
The sleepcap is almost destroyed.
The sleepcap releases spores at you.
You hit the sleepcap.
You destroy the sleepcap!
No target in view!
No target in view!
Found 6 gold pieces.
Found a stone staircase leading down.
You now have 155 gold pieces (gained 6).
There is a stone staircase leading down here.
You climb downwards.
You hear the hiss of flowing sand.
There is an entrance to an ossuary on this level.
Hurry and find it before the portal is buried!
Found a transparent long sword.
Found a stone staircase leading down.
There is a stone staircase leading up here.
You closely miss the phantom.
The phantom hits you but does no damage.
You barely miss the phantom. The phantom hits you.
The phantom blinks!
You blink.
A centaur comes into view.
You closely miss the phantom.
The centaur shouts!
You hear a shout! x4
The centaur wields a +0 shortbow.
The centaur shoots an arrow.
The arrow hits you.
The phantom hits you but does no damage.
The centaur shoots an arrow.
The arrow hits you but does no damage.
You slash the phantom!
The phantom is moderately damaged.
The phantom hits you but does no damage.
The centaur shoots an arrow.
The arrow hits you but does no damage.
The phantom hits you but does no damage.
The centaur shoots an arrow.
The arrow hits you!
The phantom hits you but does no damage.
The centaur shoots an arrow.
The arrow hits you.
You closely miss the phantom.
The phantom is moderately damaged.
The phantom hits you but does no damage.
You hit the phantom.
The phantom is moderately damaged.
The phantom hits you but does no damage.
You hit the phantom.
The phantom is heavily damaged.
The phantom barely misses you.
You hit the phantom.
The phantom is heavily damaged.
The phantom hits you but does no damage. x2
An orc wizard comes into view. It is wielding a +0 dagger.
You hit the phantom but do no damage.
The phantom is heavily damaged.
The phantom hits you.
* * * LOW HITPOINT WARNING * * *
The phantom blinks!
You blink.
An orc priest comes into view. It is wielding a +0 dagger.
You are too injured to fight recklessly!
The orc priest shouts!
You hear a shout!
The phantom hits you.
* * * LOW HITPOINT WARNING * * *
The phantom blinks!
You blink.
Found a dented jade amulet.
An orc warrior comes into view. It is wielding a +0 long sword.
Okay, then.
Unknown command.
Okay, then.
Aiming: Charm
Press: ? - help, Shift-Dir - straight line, f - centaur
Aim: a centaur, wielding a +0 shortbow (chance to affect: 49%)
Okay, then.
Okay, then.
Okay, then.
Okay, then.
Aiming: Charm
Press: ? - help, Shift-Dir - straight line, f - orc priest
Aim: an orc priest, wielding a +0 dagger (haloed, chance to affect: 49%)
The orc priest is charmed.
The centaur shoots an arrow.
The arrow hits you!
* * * LOW HITPOINT WARNING * * *
The phantom hits you.
* * * LOW HITPOINT WARNING * * *
The phantom blinks!
You blink.
Found 2 potions of ambrosia.
Press: ? - help, v - describe, . - travel
Here: a phantom (heavily damaged, haloed)
The floor.
You are illuminated by a small divine halo.
You are glowing.
Your movement speed is average.
Your attack delay is about 1.2.
Your damage rating with your +0 war axe is about 15 (Base 11 x 117% (Str) x 117% (Skill)).
Unknown command.
Unknown command.
Okay, then.
Okay, then.
Unknown command.
Unknown command.
Press: ? - help, v - describe, . - travel
Here: a phantom (heavily damaged, haloed)
The floor.
Unknown command.
Unknown command.
Unknown command.
Unknown command.
Unknown command.
Unknown command.
Unknown command.
Unknown command.
A hound comes into view.
The hound barks!
An adder comes into view.
Unknown command.
You are confused.
You feel invigorated.
The adder hisses angrily.
You hear a shout!
The phantom hits you but does no damage.
The hound bites you but does no damage.
You hear a shout! x2
You bump into the rock wall.
The hound bites you but does no damage.
The phantom hits you but does no damage.
You closely miss the phantom.
The phantom is heavily damaged.
You miss the hound. The hound bites you but does no damage.
The hound barely misses you.
The centaur shoots an arrow.
The arrow closely misses your orc priest.
The arrow closely misses the phantom.
The arrow hits you.
The phantom hits you but does no damage.
The adder bites you but does no damage.
You closely miss the phantom.
The phantom is heavily damaged.
You barely miss the adder. You closely miss the hound. The hound bites you.
The centaur shoots an arrow.
The arrow misses your orc priest.
The arrow closely misses the phantom.
The arrow closely misses you.
The arrow hits the adder.
The adder barely misses you.
The phantom hits you but does no damage.
The hound bites you but does no damage.
The centaur shoots an arrow.
The arrow hits your orc priest.
You bump into the rock wall.
The adder bites you but does no damage.
Your orc priest hits the phantom with a +0 dagger.
The hound bites you but does no damage.
An ufetubus comes into view.
The centaur shoots an arrow.
The arrow hits your orc priest.
The phantom hits you but does no damage.
The adder barely misses you.
Your orc priest invokes the aid of Beogh against the phantom.
The phantom is smitten.
The phantom is destroyed!
The Shining One accepts your kill. The hound bites you but does no damage.
The centaur shoots an arrow.
The arrow barely misses your orc priest.
The arrow closely misses you. The adder bites you but does no damage.
Your Axes skill increases to level 5!
You closely miss the hound. You miss the adder.
You feel less invigorated.
You feel less confused.
The hound stops to sniff the ground.
The hound bites you but does no damage.
The orc wizard gestures at you while chanting.
You resist with some effort. The adder bites you but does no damage.
The hound bites you but does no damage.
Your orc priest hits the hound with a +0 dagger.
The centaur shoots an arrow.
The arrow hits your orc priest!
Your orc priest dies!
You barely miss the adder.
The adder is heavily wounded.
You hit the hound. The adder bites you. The hound barely misses you.
The centaur shoots an arrow.
The arrow hits you but does no damage. The adder bites you but does no damage.
The orc wizard gestures at you while chanting.
You are confused.
The hound bites you but does no damage.
The centaur shoots an arrow.
The arrow hits you.
You hit the adder.
The adder is severely wounded.
You closely miss the hound. The adder bites you but does no damage.
The hound bites you.
The centaur shoots an arrow.
The arrow hits you.
The orc wizard points at you and mumbles some strange words.
You resist with some effort. The adder bites you but does no damage.
You bump into the rock wall.
The hound bites you.
An ufetubus comes into view.
The adder completely misses you. The hound barely misses you.
You bump into the stone wall.
The hound completely misses you.
The centaur unwields a +0 shortbow.
The centaur hits you but does no damage.
The centaur kicks you but does no damage.
The adder bites you but does no damage.
The orc warrior hits you with a +0 long sword!
* * * LOW HITPOINT WARNING * * *
It was a potion of curing.
You feel better. The hound bites you but does no damage.
The centaur hits you but does no damage.
The centaur kicks you. The adder barely misses you.
An orc wizard comes into view. It is wielding a +0 dagger.
The orc warrior hits you with a +0 long sword.
* * * LOW HITPOINT WARNING * * *
The hound bites you.
* * * LOW HITPOINT WARNING * * *
The centaur hits you but does no damage.
The centaur barely misses you. The adder barely misses you.
It was a potion of lignification.
You turn into a tree.
Your +0 cloak melds into your body.
Your +0 plate armour melds into your body.
Your roots penetrate the ground.
The hound bites you but does no damage.
The orc wizard casts a spell.
The orc wizard flickers and vanishes!
Deactivating autopickup; reactivate with Ctrl-A.
The centaur hits you but does no damage.
The centaur kicks you but does no damage.
The adder bites you but does no damage.
You are illuminated by a small divine halo.
You are a tree.
You are glowing.
Your movement speed is average.
Your attack delay is about 1.2.
Your damage rating with your +0 war axe is about 15 (Base 11 x 117% (Str) x 119% (Skill)).
Unknown command.
Unknown command.
Press: ? - help, v - describe, . - travel, g - get item
Here: an orc warrior, wielding a +0 long sword and wearing a +0 plate armour (haloed) Item here: a +0 dagger.
The floor, spattered with blood.
Unknown command.
Your shield is strengthened by the Shining One's divine power.
The hound bites you but does no damage. The centaur barely misses you.
The centaur kicks you but does no damage.
The adder bites you but does no damage.
The orc warrior hits you but does no damage.
The hound bites you but does no damage.
The centaur hits you but does no damage.
The centaur kicks you but does no damage.
Cleave: a) +0 war axe
Press: ? - help, Dir - move target, f - centaur
Aim: a centaur (haloed, about 11% to evade your +0 war axe)
You hit the centaur.
The centaur is lightly wounded.
You hit the hound but do no damage. You barely miss the adder.
You hit the orc warrior. The adder bites you.
* * * LOW HITPOINT WARNING * * *
The hound bites you but does no damage. The centaur hits you.
* * * LOW HITPOINT WARNING * * *
The centaur kicks you but does no damage.
The orc warrior hits you but does no damage.
The adder bites you but does no damage. The hound bites you but does no damage.
Cleave: a) +0 war axe
Press: ? - help, Dir - move target, f/p - centaur
Aim: a centaur (lightly wounded, haloed, about 11% to evade your +0 war axe)
You slash the centaur!
The centaur is heavily wounded.
You hit the orc warrior. You completely miss the hound. You slash the adder!
You kill the adder!
The centaur hits you but does no damage.
The centaur kicks you but does no damage.
The orc warrior hits you with a +0 long sword!
* * * LOW HITPOINT WARNING * * *
The hound bites you.
* * * LOW HITPOINT WARNING * * *
The centaur hits you but does no damage.
The centaur kicks you but does no damage.
The ufetubus hits you but does no damage.
The ufetubus hits you.
You die...

##............#
#..........§...#.
#..".#.....§<..##.
.....##.........#
#.
#....##.......###
.........>###...
... ..#..o# ###.##
... . #.co##.....#
###♣h.......#
##5#......# #5#
#.##. ..# # ..!
.... .#... ......


You could see an orc warrior, a centaur, a hound, an orc wizard and 2 ufetubi.

Vanquished Creatures
  A hound (D:4)
  A gnoll bouda (D:4)
  2 sleepcaps (D:5)
  2 orc wizards (D:4)
  3 gnolls (D:4)
  3 adders
  2 ribbon worms
  3 dart slugs
  17 orcs
  3 endoplasms
  A giant cockroach (D:1)
  6 goblins
  5 hobgoblins
  8 jackals
  7 kobolds
  4 quokkas
  3 ball pythons
  4 bats
  3 frilled lizards
  4 rats
82 creatures vanquished.

Vanquished Creatures (collateral kills)
  A phantom (D:6)
1 creature vanquished.

Vanquished Creatures (others)
  An orc priest (D:6)
1 creature vanquished.

Grand Total: 84 creatures vanquished

Notes
Turn   | Place    | Note
-------+----------+-------------------------------------------
     0 | D:1      | jagoly the Gargoyle Monk began the quest for the Orb.
     0 | D:1      | Reached XP level 1. HP: 14/14 MP: 1/1
   126 | D:1      | Found a faded altar of an unknown god.
   141 | D:1      | Reached skill level 3 in Axes
   141 | D:1      | Reached XP level 2. HP: 19/19 MP: 2/2
   236 | D:2      | Reached skill level 1 in Armour
   279 | D:1      | Reached XP level 3. HP: 23/23 MP: 3/3
   689 | D:4      | Reached XP level 4. HP: 21/29 MP: 4/4
   704 | D:4      | Found a staircase to the Ecumenical Temple.
   731 | D:4      | Reached skill level 4 in Axes
   752 | Temple   | Entered the Ecumenical Temple
   825 | Temple   | Became a worshipper of the Shining One
   825 | Temple   | Reached * piety under the Shining One
   825 | Temple   | Reached ** piety under the Shining One
   915 | D:4      | Reached XP level 5. HP: 33/33 MP: 5/5
   982 | D:3      | Found an ornate altar of the Wu Jian Council.
  1057 | D:3      | Identified the +3 robe of Fysu {Harm}
  1220 | D:3      | Found an ancient bone altar of Kikubaaqudgha.
  1230 | D:3      | Found a sacrificial altar of Ru.
  1232 | D:3      | Found a shadowy altar of Dithmenos.
  1232 | D:3      | Found a snail-covered altar of Cheibriados.
  1378 | D:4      | Reached XP level 6. HP: 9/39 MP: 6/6
  1550 | D:5      | Entered Level 5 of the Dungeon
  1690 | D:6      | Noticed an orc warrior
  1700 | D:6      | Reached skill level 5 in Axes
  1709 | D:6      | HP: 3/60 [orc warrior/+0 long sword (11)]
  1709 | D:6      | Slain by an ufetubus

Illustrated notes

Levels and vault maps discovered:
D:1:      tekkud_arrival_beachfront_property, layout_loops_ring,
          hellmonk_ecumenical_altar_crossroads, serial_bayou_pond_d
D:2:      minmay_door_path, layout_basic, grunt_ministairs_12
D:3:      layout_basic, nicolae_overflow_hallway_of_the_gods,
          kennysheep_generic_room_6
D:4:      wander_river, layout_gridville, marbit_many_paths, temple_doors_e
D:5:      layout_basic, gammafunk_ghost_arena
D:6:      layout_rooms, nicolae_ossuary_entry_giza, grunt_ministairs_9,
          kennysheep_another_room, centaur_isle, uniq_eustachio
Temple:   minmay_temple_bridge_d

Skill      XL: |  1  2  3  4  5  6 |
---------------+-------------------+-----
Axes           | 3 4 5 |  5.1
Armour         | 1 2 3 |  3.3
Fighting       | 4 |  4.9
Dodging        | |  2.4

Action                     |  1- 3 |  4- 6 || total
---------------------------+-------+-------++-------
  Melee: Hand axe          |    86 |       ||    86
         War axe           |    11 |   132 ||   143
 Invoke: Divine Shield     |       |     1 ||     1
  Evoke: Wand              |       |     1 ||     1
    Use: Potion            |       |     3 ||     3
 Armour: Plate armour      |   112 |   180 ||   292
         Skin              |       |    26 ||    26
  Dodge: Dodged            |    20 |    53 ||    73
